cohdb
Replays
Latest Replays
All Replays
Popular Replays
Top Player Replays
Match Explorer
How It Works
Community
CoH3 Stats
Reddit
Sign in to upload your games and track your stats! →
Sign in with Steam
Match 43154982
Unlisted
Match 43154982
Overview
Messages
Build Orders
End
Construct Infanterie Kompanie
Selects Italian Coastal Battlegroup
Selects Coastal Reserves
Coastal Reserve
MG 42 Machine Gun Team
Coastal Reserve
GrW 34 Mortar Team
Construct Panzergrenadier Kompanie
251 Medium Carrier
Pak 40 Anti-tank Gun Team
Selects Designate Defensive Line
Designate Defensive Line
Panzergrenadier Officer Quarters
Support Elements
Nebelwerfer 42 Rocket Launcher Team
Panzergrenadier Squad
Selects Rapid Fortifications
Rapid Fortifications
Medical Bunker
StuG III G Assault Gun
Selects Artillery Officer
StuG III G Assault Gun
StuG III G Assault Gun
Rapid Fortifications
Nebelwerfer 42 Rocket Launcher Team
MG 42 Bunker
Rapid Fortifications
Repair Bunker
Rapid Fortifications
MG 42 Bunker
Selects Obice da 210/22 Artillery Emplacement
Rapid Fortifications
Designate Defensive Line
Selects Bulwark
StuG III G Assault Gun
StuG III G Assault Gun
StuG III G Assault Gun
Designate Defensive Line
iceman
Fjetten
ZenitDrugCartel
Heckman
RoGueDanneRZ
늘보늘보
0
0
Comments
sign in to comment!
No comments posted yet!